 Dungeon Crawl Stone Soup version 0.29.0 (webtiles) character file.

Game seed: 8245874162913004014

6472 catcat the Severer (level 10, -6/129 HPs)
             Began as a Minotaur Cinder Acolyte on Sept 2, 2022.
             Was a Follower of Trog.
             Mangled by a fire elemental (9 damage)
             ... created by the fiery vengeance of Ignis
             ... on level 9 of the Dungeon.
             The game lasted 00:19:21 (10033 turns).

catcat the Severer (Minotaur Cinder Acolyte)       Turns: 10033, Time: 00:19:24

Health: -6/129     AC: 23    Str: 23    XL:     10   Next: 68%
Magic:  10/10      EV:  7    Int: 11    God:    Trog [*.....]
Gold:   484        SH:  6    Dex:  6    Spells: 11/11 levels left

rFire   . . .      SeeInvis .   F - +1 war axe (protect)
rCold   . . .      Faith    .   D - +2 buckler
rNeg    . . .      Spirit   .   P - +0 plate armour
rPois   +          Reflect  .   (helmet restricted)
rElec   .          Harm     .   (no cloak)
rCorr   .          Rampage  .   (no gloves)
Will    .....                   (no boots)
Stlth   ..........              o - amulet of the acrobat
HPRegen 0.31/turn               i - ring of poison resistance
MPRegen 0.12/turn               O - +4 ring of protection

@: berserking, under a protective aura, studying Necromancy, fire susceptible,
very quick
A: horns 2, retaliatory headbutt
a: Renounce Religion, Berserk


You were on level 9 of the Dungeon.
You worshipped Trog.
Trog was aware of your devotion.
You visited 2 branches of the dungeon, and saw 10 of its levels.

You collected 484 gold pieces.

Inventory:

Hand Weapons
 a - a -1 hand axe of flaming
 x - a +0 flail
 F - a +1 war axe of protection (weapon)
 U - a +1 flail of draining
Missiles
 K - 8 javelins
 N - 16 poisoned darts (quivered)
 T - 4 boomerangs
Armour
 b - a +0 robe
 e - a +0 ring mail
 r - a +0 chain mail
 D - a +2 buckler (worn)
 P - a +0 plate armour (worn)
Jewellery
 i - a ring of poison resistance (left hand)
 k - a ring of resist corrosion
 m - an amulet of magic regeneration
 o - an amulet of the acrobat (around neck)
 w - a ring of fire
 I - a ring of ice
 O - a +4 ring of protection (right hand)
Wands
 d - a wand of paralysis (6)
 q - a wand of flame (54)
 z - a wand of polymorph (11)
 Q - a wand of roots (10)
Scrolls
 c - 2 scrolls of blinking
 f - a scroll of brand weapon
 h - 2 scrolls of teleportation
 n - a scroll of butterflies
 t - 3 scrolls of enchant weapon
 y - a scroll of vulnerability
 A - a scroll of magic mapping
 B - a scroll of fear
 E - a scroll of amnesia
 J - 2 scrolls of poison
 S - 2 scrolls of identify
Potions
 g - a potion of brilliance
 j - 3 potions of degeneration
 l - a potion of berserk rage
 p - 3 potions of flight
 s - 3 potions of ambrosia
 u - 2 potions of might
 v - 2 potions of lignification
 C - a potion of attraction
 G - 2 potions of mutation
 H - a potion of curing
 L - a potion of invisibility
 M - 2 potions of cancellation
 R - a potion of haste


   Skills:
 * Level 7.4 Fighting
 - Level 16.0 Axes
 - Level 2.0 Throwing
 + Level 5.8 Armour
 - Level 4.0 Dodging
 - Level 4.0 Shields
 - Level 1.0 Spellcasting
 - Level 2.1 Fire Magic


You had 11 spell levels left.
You didn't know any spells.
Your spell library contained the following spells:

 Spells                   Type           Power      Damage    Failure   Level
 Scorch                   Fire           10%        2d6       99%         2
 Apportation              Tloc           0%         N/A       100%        1
 Necrotise                Necr           0%         1d4       100%        1
 Summon Small Mammal      Summ           0%         N/A       100%        1
 Ensorcelled Hibernation  Hex/Ice        0%         N/A       100%        2
 Dazzling Flash           Conj/Hex       0%         N/A       100%        3
 Spider Form              Tmut/Pois      0%         N/A       100%        3
 Anguish                  Hex/Necr       0%         N/A       100%        4
 Cause Fear               Hex            0%         N/A       100%        4
 Agony                    Necr           0%         N/A       100%        5
 Fireball                 Conj/Fire      1%         3d3       100%        5
 Iskenderun's Battlesphe  Conj           0%         2d6       100%        5
 Silence                  Hex/Air        0%         N/A       100%        5
 Conjure Ball Lightning   Conj/Air       0%         3x3d6     100%        6
 Dragon Form              Tmut           0%         N/A       100%        7
 Orb of Destruction       Conj           0%         9d5       100%        7
 Dragon's Call            Summ           0%         N/A       100%        9


Dungeon Overview and Level Annotations

Branches:
Dungeon (9/15)             Temple (1/1) D:6
   Lair: D:8-11         Orc: D:9-12

Altars:
Ashenzari
Cheibriados
Elyvilon
Fedhas
Gozag
Hepliaklqana
Kikubaaqudgha
Makhleb
Nemelex Xobeh
Ru
Trog
Uskayaw
Vehumet
Xom
Yredelemnul
Zin
The Shining One

Shops:
D:3 *   D:4 (   D:7 :


Innate Abilities, Weirdness & Mutations

You have a pair of horns on your head.
You reflexively headbutt those who attack you in melee.


Message History

You hit the fire elemental but do no damage.
The fire elemental hits you. The fire elemental burns you!
Unknown command.
Unknown command.
You slash the fire elemental!
You destroy the fire elemental!
That felt strangely unrewarding.
You hit the fire elemental but do no damage.
You closely miss the fire elemental. The fire elemental hits you.
The fire elemental burns you! The fire elemental hits you.
The fire elemental burns you!
You are too injured to fight recklessly!
Unknown command.
You closely miss the fire elemental. x2; The fire elemental hits you.
The fire elemental burns you! The fire elemental hits you.
The fire elemental burns you!
Unknown command.
A red film seems to cover your vision as you go berserk!
You feel yourself moving faster!
You feel mighty! The fire elemental barely misses you.
The fire elemental hits you. The fire elemental burns you!
The fire elemental barely misses you. You furiously retaliate!
You headbutt the fire elemental! You barely miss the fire elemental.
The fire elemental is moderately damaged.
You closely miss the fire elemental. The fire elemental barely misses you.
You furiously retaliate!
You headbutt the fire elemental. You closely miss the fire elemental.
You headbutt the fire elemental.
The fire elemental is moderately damaged.
You closely miss the fire elemental. The fire elemental hits you.
The fire elemental burns you!
* * * LOW HITPOINT WARNING * * *
The fire elemental hits you. The fire elemental burns you!
* * * LOW HITPOINT WARNING * * *
You closely miss the fire elemental.
The fire elemental is moderately damaged.
You miss the fire elemental. The fire elemental hits you.
The fire elemental burns you!
* * * LOW HITPOINT WARNING * * *
The fire elemental hits you. The fire elemental burns you!
You die...

##.# #.# ##.# #.##..
#..# ##.# #.##.. #..#
.... ##.# #.##..##..#
.... ##.# #.##..##..#
..... ##.###.##..##..#
..... ##.....##..##..#
.....
##.....##..##..####..#
....##.##.....°E@E...#
....##.##...#...)))..#
##..##.##...#..####..#
##..##.##...#..# ..#
##..##......#..# .#
##..##......#..# .#
##..##......#..# #
##..##......#..#
#......#..


You could see 2 fire elementals.

Vanquished Creatures
  2 two-headed ogres
  Grinder (D:4)
  A yak (D:7)
  2 wyverns
  3 fire elementals
  4 steam dragons
  3 water moccasins
  6 orc warriors
  A sky beast (D:6)
  2 ice beasts
  An ogre (D:6)
  5 black bears
  2 centaurs
  A phantom (D:5)
  3 kobold brigands
  4 bullfrogs
  2 scorpions
  A gnoll sergeant (D:7)
  2 necrophages
  6 killer bees
  7 howler monkeys
  2 jellies (D:6)
  A hound (D:6)
  4 orc priests
  Ijyb (D:3)
  Terence (D:2)
  3 iguanas (D:6)
  8 orc wizards
  17 gnolls
  10 adders
  A shadow imp (D:7)
  3 white imps
  2 ufetubi
  A worm (D:3)
  A dart slug (D:4)
  24 orcs
  9 ball pythons
  10 endoplasms
  5 goblins
  6 hobgoblins
  4 jackals (D:1)
  17 kobolds
  3 quokkas (D:1)
  5 bats
  3 frilled lizards
  5 rats
  A spectral goblin (D:5)
206 creatures vanquished.

Vanquished Creatures (others)
  2 orcs (D:8)
2 creatures vanquished.

Grand Total: 208 creatures vanquished

Notes
Turn   | Place    | Note
-------+----------+-------------------------------------------
     0 | D:1      | catcat the Minotaur Cinder Acolyte began the quest for the
                  | Orb.
     0 | D:1      | Reached XP level 1. HP: 19/19 MP: 1/1
   171 | D:1      | Reached skill level 4 in Axes
   173 | D:1      | Reached XP level 2. HP: 23/27 MP: 2/2
  1109 | D:2      | Reached XP level 3. HP: 33/33 MP: 3/3
  1267 | D:2      | Reached skill level 5 in Axes
  1343 | D:2      | Noticed Terence
  1359 | D:2      | Killed Terence
  1360 | D:2      | Reached skill level 1 in Armour
  1360 | D:2      | Reached XP level 4. HP: 26/40 MP: 4/4
  1523 | D:2      | You fall into a shaft and drop 2 floors!
  1531 | D:3      | Found Gacveloe's Assorted Antiques.
  1963 | D:3      | Found a faded altar of an unknown god.
  2153 | D:3      | Reached skill level 6 in Axes
  2153 | D:3      | Reached XP level 5. HP: 44/46 MP: 5/5
  2305 | D:3      | Noticed Ijyb
  2322 | D:3      | Paralysed by Ijyb for 3 turns
  2326 | D:3      | Killed Ijyb
  3037 | D:4      | Identified the +7 spear of the Heavens {freeze, rF++ Str+3
                  | Dex-4}
  3193 | D:4      | Reached XP level 6. HP: 21/48 MP: 6/6
  3200 | D:4      | Reached skill level 7 in Axes
  3428 | D:4      | Found Guqy's Weapon Emporium.
  3514 | D:4      | Noticed Grinder
  3530 | D:4      | Paralysed by Grinder for 4 turns
  3539 | D:4      | Killed Grinder
  3540 | D:4      | Reached skill level 5 in Fighting
  3540 | D:4      | Reached skill level 8 in Axes
  3871 | D:4      | Reached skill level 1 in Dodging
  3871 | D:4      | Reached XP level 7. HP: 54/61 MP: 7/7
  4168 | D:5      | Entered Level 5 of the Dungeon
  4229 | D:5      | Reached skill level 1 in Shields
  4338 | D:5      | Found a white marble altar of Elyvilon.
  4379 | D:5      | Found a hazy altar of Hepliaklqana.
  4577 | D:5      | Reached skill level 9 in Axes
  4956 | D:5      | Reached XP level 8. HP: 64/68 MP: 8/8
  5188 | D:6      | Reached skill level 10 in Axes
  5579 | D:6      | Reached skill level 11 in Axes
  5766 | D:6      | Found a staircase to the Ecumenical Temple.
  5978 | Temple   | Entered the Ecumenical Temple
  6169 | D:6      | Reached skill level 12 in Axes
  6346 | D:6      | Reached XP level 9. HP: 74/74 MP: 9/9
  7121 | D:7      | Reached skill level 13 in Axes
  7366 | D:7      | Found a glowing silver altar of Zin.
  7469 | D:7      | Found Tun Qall's Tremendous Tomes.
  7510 | D:7      | Identified the +1 leather armour "Routot" {+Inv Will+}
  7607 | D:8      | Found a broken altar of Ashenzari.
  7776 | D:8      | Reached skill level 14 in Axes
  7780 | D:8      | Noticed a two-headed ogre
  8205 | D:8      | Reached skill level 15 in Axes
  8205 | D:8      | Reached skill level 5 in Armour
  8205 | D:8      | Reached XP level 10. HP: 62/83 MP: 10/10
  8332 | D:8      | Killed a two-headed ogre
  8333 | D:8      | Reached skill level 1 in Throwing
  8684 | D:8      | Found a bloodstained altar of Trog.
  8944 | D:8      | Found an opulent altar of Gozag.
  9115 | D:8      | Fell from the grace of Ignis
  9115 | D:8      | Became a worshipper of Trog the Wrathful
  9143 | D:9      | Noticed a two-headed ogre
  9143 | D:9      | Noticed a two-headed ogre
  9391 | D:9      | Killed a two-headed ogre
  9392 | D:9      | Reached skill level 16 in Axes
  9924 | D:9      | Reached * piety under Trog
 10033 | D:9      | HP: 3/129 [fire elemental[the fiery vengeance of Ignis]
                  | (10)]
 10033 | D:9      | Mangled by a fire elemental

Illustrated notes

Levels and vault maps discovered:
D:1:      kilobyte_arrival_exit_the_forest, layout_loops_cross,
          minmay_split_cup_small
D:2:      layout_rooms, uniq_terence
D:3:      layout_basic, hellmonk_ecumenical_altar_blasted, serial_shops, shop,
          uniq_ijyb
D:4:      layout_rooms, kennysheep_okawaru_gauntlet, serial_shops,
          nicolae_shop_bloodbath_and_beyond, serial_park_tiny_pond, uniq_grinder
D:5:      layout_loops_ring, nicolae_hepliaklqana_monster_ancestors,
          general_overflow_altar
D:6:      layout_loops_ring, minmay_temple_entry_mini_moons,
          minmay_fractal_squares_5
D:7:      layout_basic, zin_statuary, nicolae_shop_i_like_big_books
D:8:      layout_cave_pools, mainiacjoe_overflow_small_starburst,
          mainiacjoe_overflow_six_doors_small, evilmike_ruin_ashenzari, tgw_sif,
          minmay_alternating_orb
D:9:      layout_long_grid, mainiacjoe_overflow_chevrons,
          chequers_serial_rivers_marsh
Temple:   jpeg_temple_clearing

Skill      XL: |  1  2  3  4  5  6  7  8  9 10 |
---------------+-------------------------------+-----
Axes           | 4 5 6 8 9 12 15 16 | 16.0
Fighting       | 4 5 6 7 |  7.4
Armour         | 1 2 3 5 |  5.8
Dodging        | 1 2 4 |  4.0
Shields        | 3 4 |  4.0
Throwing       | 2 |  2.0
Spellcasting   | |  1.0
Fire Magic     | |  2.1

Action                   |  1- 3 |  4- 6 |  7- 9 | 10-12 || total
-------------------------+-------+-------+-------+-------++-------
Melee: Hand axe          |    78 |   135 |    14 |       ||   227
       Headbutt          |     6 |    15 |    34 |    20 ||    75
       Punch             |     1 |     3 |       |       ||     4
       War axe           |       |       |   263 |   144 ||   407
Throw: Dart              |       |       |       |     5 ||     5
Invok: Fiery Armour      |     1 |     2 |       |       ||     3
  Use: Scroll            |     4 |     5 |    11 |     3 ||    23
       Potion            |       |       |       |     1 ||     1
Armor: Robe              |     3 |       |       |       ||     3
       Ring mail         |    24 |       |       |       ||    24
       Chain mail        |       |    63 |   138 |       ||   201
       Plate armour      |       |       |       |    91 ||    91
Dodge: Dodged            |    49 |    53 |   115 |    50 ||   267
Block: Buckler           |       |       |    81 |    29 ||   110
